 Dungeon Crawl Stone Soup version 0.14.0-12-g87ee3b7 (webtiles) character file.

267 Leibowitz the Cutter (level 5, -1/34 HPs)
             Began as a Kobold Berserker on Apr 15, 2014.
             Was a Priest of Trog.
             Killed by nerve-wracking pain
             ... invoked by Grinder
              (3 damage)
             ... on Level 3 of the Dungeon.
             The game lasted 00:08:36 (2631 turns).

Leibowitz the Cutter (Kobold Berserker)             Turns: 2631, Time: 00:08:36

HP  -1/34        AC  2     Str 21      XL: 5   Next: 37%
MP   5/5         EV 17     Int  5      God: Trog [***...]
Gold 136         SH  0     Dex 16      Spells:  0 memorised,  4 levels left

rFire  . . .     SeeInvis .     a - +0 short sword
rCold  . . .     Clarity  .     b - +0 animal skin
rNeg   . . .     Conserve .     (no shield)
rPois  .         rCorr    .     (no helmet)
rElec  .         rRot     .     (no cloak)
SustAb . .       Spirit   .     (no gloves)
rMut   .         Warding  .     (no boots)
Saprov + + .     Stasis   .     (no amulet)
MR     .....                    (no ring)
                                (no ring)

@: exhausted, mighty, very slightly contaminated, hasted and slowed, not
resistant to hostile enchantments, fairly stealthy
A: disease resistance, carnivore 3, saprovore 2
a: Burn Spellbooks, Berserk, Trog's Hand, Renounce Religion


You were on level 3 of the Dungeon.
You worshipped Trog.
Trog was most pleased with you.
You were not hungry.

You visited 1 branch of the dungeon, and saw 3 of its levels.

You collected 136 gold pieces.

Inventory:

Hand weapons
 a - a +0,+0 short sword (weapon)
Missiles
 k - 5 needles of confusion
Armour
 b - a +0 animal skin (worn)
Comestibles
 c - a meat ration
Scrolls
 d - 2 scrolls of identify {unknown}
 e - a scroll of recharging {unknown}
 f - 2 scrolls of remove curse {unknown}
 i - 2 scrolls of teleportation {unknown}
 m - a scroll of noise {unknown}
 n - a scroll of fog {unknown}
 o - a scroll of random uselessness {unknown}
 q - a scroll of fear {unknown}
Potions
 g - 2 potions of haste
 l - a potion of mutation {unknown}
 p - a potion of confusion {unknown}


   Skills:
 + Level 4.3 Fighting
 + Level 4.6 Short Blades
 - Level 1.5 Armour
 + Level 4.5 Dodging
 * Level 2.0 Stealth


You had 4 spell levels left.
You didn't know any spells.

Dungeon Overview and Level Annotations

Branches:
Dungeon (3/15)

Altars:

Annotations:
D:3 Grinder


Innate Abilities, Weirdness & Mutations

You recuperate from illness quickly.
You are small and have problems with some larger weapons.
You are carnivorous and can eat meat at any time.
You can eat rotten meat.


Message History

Drink which item? (? for menu, Esc to quit)
You can't drink that!
Drink which item? (? for menu, Esc to quit)
You feel very mighty all of a sudden.
It was a potion of might.
Grinder completely misses you.
You slash Grinder!
Grinder is almost dead.
Grinder gestures.
Grinder blinks!
Grinder gestures at you. You resist with significant effort. Grinder hits you.
* * * LOW HITPOINT WARNING * * *
You writhe in agony.
* * * LOW HITPOINT WARNING * * *
You closely miss Grinder.
Grinder is almost dead.
Grinder gestures at you. Pain shoots through your body!
You die...

. .. ...
#.# #.# #.#
#.#
##5#######
#@........
#..########
#..........
#.#########
#.# #.# #.#
#.# #.#


You could see Grinder.

Vanquished Creatures
  Natasha (twice) (D:3)
  4 adders (D:2)
  A worm (D:2)
  A giant gecko (D:2)
  An orc (D:3)
  6 hobgoblins (D:2)
  7 jackals
  6 kobolds
  A ball python (D:3)
  7 bats
  5 giant cockroaches
  4 giant newts
  6 goblins
  6 rats
57 creatures vanquished.

Notes
Turn   | Place    | Note
--------------------------------------------------------------
     0 | D:1      | Leibowitz, the Kobold Berserker, began the quest for the Orb.
     0 | D:1      | Reached XP level 1. HP: 14/14 MP: 1/1
   195 | D:1      | Reached XP level 2. HP: 9/19 MP: 2/2
   925 | D:2      | Reached XP level 3. HP: 24/24 MP: 3/3
   927 | D:2      | Acquired Trog's second power
  1807 | D:2      | Reached XP level 4. HP: 29/29 MP: 4/4
  1836 | D:2      | Reached skill level 1 in Stealth
  2310 | D:3      | Noticed Natasha
  2320 | D:3      | Killed Natasha
  2320 | D:3      | Reached XP level 5. HP: 20/33 MP: 5/5
  2605 | D:3      | Noticed Natasha
  2608 | D:3      | Noticed Grinder
  2612 | D:3      | Killed Natasha
  2616 | D:3      | Paralysed by Grinder for 3 turns
  2631 | D:3      | Killed from afar by Grinder

Action                   |  1- 3 |  4- 6 || total
-------------------------+-------+-------++-------
Melee: Short sword       |   156 |   103 ||   259
Invok: Berserk           |     1 |     2 ||     3
  Use: Potion            |       |     3 ||     3
 Stab: Distracted        |       |     1 ||     1
       Sleeping          |       |     1 ||     1
